 Dungeon Crawl Stone Soup version 0.29.1-15-g9cfb28693d (webtiles) character file.

Game seed: 5687302389010474889

14 Barneous the Trooper (level 2, -2/24 HPs)
             Began as a Demonspawn Wanderer on Mar 6, 2023.
             Slain by a hobgoblin (4 damage)
             ... on level 1 of the Dungeon.
             The game lasted 00:04:22 (1051 turns).

Barneous the Trooper (Demonspawn Wanderer)          Turns: 1051, Time: 00:04:22

Health: -2/24      AC:  2    Str:  9 (11) XL:     2   Next: 27%
Magic:  4/5        EV: 11    Int: 15 (18) God:
Gold:   46         SH:  0    Dex:  5 (8)  Spells: 3/5 levels left

rFire   . . .      SeeInvis .   a - +0 club
rCold   . . .      Faith    .   (no shield)
rNeg    . . .      Spirit   .   c - +0 robe
rPois   .          Reflect  .   (no helmet)
rElec   .          Harm     .   (no cloak)
rCorr   .          Rampage  .   (no gloves)
Will    .....                   (no boots)
Stlth   +.........              (no amulet)
HPRegen 0.08/turn               (no ring)
MPRegen 0.09/turn               (no ring)

@: no status effects
A: powered by death 1
a: no special abilities


You were on level 1 of the Dungeon.
You visited 1 branch of the dungeon, and saw 1 of its levels.

You collected 46 gold pieces.

Inventory:

Hand Weapons
 a - a +0 club (weapon)
Armour
 c - a +0 robe (worn)
Scrolls
 b - 2 scrolls of teleportation


   Skills:
 + Level 3.2 Fighting
 + Level 2.9 Throwing
 + Level 2.2 Spellcasting
 + Level 1.3 Summonings


You had 3 spell levels left.
You knew the following spells:

 Your Spells              Type           Power      Damage    Failure   Level
a - Summon Small Mammal   Summ           20%        N/A       12%         1
b - Sandblast             Erth           2%         2d4       22%         1

Your spell library contained the following spells:

 Spells                   Type           Power      Damage    Failure   Level
 Slow                     Hex            4%         N/A       22%         1
 Summon Guardian Golem    Hex/Summ       3%         N/A       45%         3
 Conjure Flame            Conj/Fire      1%         6-21      54%         3


Dungeon Overview and Level Annotations

Branches:
Dungeon (1/15)

Altars:

Shops:
D:1 [


Innate Abilities, Weirdness & Mutations

You regenerate a little health from kills.


Message History

The hobgoblin barely misses you.
You hit the hobgoblin but do no damage.
The hobgoblin is severely wounded.
The hobgoblin barely misses you. The hobgoblin closely misses you.
You closely miss the hobgoblin.
The hobgoblin is severely wounded.
The hobgoblin hits you but does no damage.
You barely miss the hobgoblin.
The hobgoblin is heavily wounded.
The hobgoblin hits you.
You closely miss the hobgoblin.
The hobgoblin is heavily wounded.
The hobgoblin hits you.
You hit the hobgoblin.
The hobgoblin is severely wounded.
The hobgoblin hits you.
* * * LOW HITPOINT WARNING * * *
The hobgoblin hits you.
* * * LOW HITPOINT WARNING * * *
You feel better. The hobgoblin completely misses you.
Casting: Sandblast (safe; 22% risk of failure)
Confirm with . or Enter, or press ? or * to list all spells.
The hobgoblin hits you.
* * * LOW HITPOINT WARNING * * *
The hobgoblin attacks as you move away! The hobgoblin barely misses you.
You swap places.
The hobgoblin hits your rat.
Your rat dies!
Your rat's corpse disappears in a puff of smoke!
The hobgoblin hits you but does no damage.
You closely miss the hobgoblin.
The hobgoblin is severely wounded.
The hobgoblin closely misses you.
You hit the hobgoblin but do no damage.
The hobgoblin is severely wounded.
The hobgoblin hits you.
* * * LOW HITPOINT WARNING * * *
You barely miss the hobgoblin.
The hobgoblin is severely wounded.
The jackal closely misses you. The hobgoblin hits you.
You die...

...####
##..........###
..##
##......##>..#
.##
##..........#
...
#......#####
.#.# #......#
.#รท# #......#
.# #
##.....h### ..
##..####h..#
#..hrJg@...#
#...S########
....... ......#
..h.h. .#....
.?... ..?..


You could see an endoplasm, 3 jackals, a hobgoblin, a ball python and a rat.

Vanquished Creatures
  A ball python (D:1)
  2 bats (D:1)
  An endoplasm (D:1)
  A giant cockroach (D:1)
  A goblin (D:1)
  2 hobgoblins (D:1)
  A quokka (D:1)
  A rat (D:1)
10 creatures vanquished.

Vanquished Creatures (collateral kills)
  A quokka (D:1)
1 creature vanquished.

Grand Total: 11 creatures vanquished

Notes
Turn   | Place    | Note
-------+----------+-------------------------------------------
     0 | D:1      | Barneous the Demonspawn Wanderer began the quest for the
                  | Orb.
     0 | D:1      | Barneous set off with the following items: a +0 club, a
                  | scroll of teleportation, a +0 robe, a potion of curing; and
                  | the following spells available to memorise: Summon Small
                  | Mammal, Sandblast, Slow, Summon Guardian Golem, Conjure
                  | Flame.
     0 | D:1      | Reached XP level 1. HP: 18/18 MP: 3/3
     2 | D:1      | Learned a level 1 spell: Summon Small Mammal
     4 | D:1      | Learned a level 1 spell: Sandblast
   364 | D:1      | Found Daguwa's Antique Armour Shop.
   778 | D:1      | Gained mutation: You regenerate a little health from kills.
                  | [demonic ancestry]
   778 | D:1      | Reached XP level 2. HP: 19/24 MP: 1/5
   985 | D:1      | Found a faded altar of an unknown god.
  1050 | D:1      | HP: 1/24 [hobgoblin (3)]
  1051 | D:1      | Slain by a hobgoblin

Illustrated notes

Levels and vault maps discovered:
D:1:      onia_arrival_mini_maze, layout_rooms,
          shapermc_ecumenical_altar_pompeii, serial_shops, shop,
          wander_ebering_terrifying_dragon_lair

Action                   || total
-------------------------++-------
Melee: Club              ||    42
       Punch             ||     1
 Cast: Sandblast         ||    17
       Summon Small Mamm ||    12
  Use: Potion            ||     2
       Scroll            ||     1
Armor: Robe              ||    18
Dodge: Dodged            ||    29
